 Dungeon Crawl Stone Soup version 0.25.1-2-g60ff931df9 (webtiles) character file.

Game seed: 5249541982301073813

527 hawla the Skirmisher (level 7, -5/61 HPs)
             Began as a Minotaur Fighter on Oct 23, 2020.
             Slain by Prince Ribbit (13 damage)
             ... on level 5 of the Dungeon.
             The game lasted 00:09:15 (4131 turns).

hawla the Skirmisher (Minotaur Fighter)             Turns: 4131, Time: 00:09:16

Health: -5/61      AC:  4    Str: 23    XL:     7   Next: 3%
Magic:  6/6        EV: 13    Int:  5    God:
Gold:   227        SH:  0    Dex:  9    Spells: 6/6 levels left

rFire    . . .     SeeInvis .   a - +0 long sword
rCold    . . .     Gourm    .   (no shield)
rNeg     . . .     Faith    .   t - +0 leather armour
rPois    .         Spirit   .   (helmet restricted)
rElec    .         Reflect  .   (no cloak)
rCorr    .         Harm     .   (no gloves)
MR       .....                  s - +0 pair of boots
Stlth    +.........             (no amulet)
HPRegen  0.20/turn              (no ring)
MPRegen  0.10/turn              (no ring)

@: very slightly contaminated, invisible
A: retaliatory headbutt, horns 2
a: no special abilities


You were on level 5 of the Dungeon.
You were not hungry.

You visited 1 branch of the dungeon, and saw 5 of its levels.

You collected 227 gold pieces.

Inventory:

Hand Weapons
 a - a +0 long sword (weapon)
 q - a +1 dagger of venom
Missiles
 e - 14 poisoned darts
 y - 5 boomerangs (quivered)
Armour
 b - a +0 scale mail
 h - a cursed -2 ring mail
 o - a +0 chain mail
 s - a +0 pair of boots (worn)
 t - a +0 leather armour (worn)
Wands
 l - a wand of iceblast (5)
 m - a wand of clouds (4)
 v - a wand of paralysis (10)
Scrolls
 j - a scroll of identify
 k - a scroll of magic mapping
 p - a scroll of teleportation
 w - a scroll of remove curse
Potions
 c - 3 potions of heal wounds {unknown}
 d - a potion of might
 g - a potion of invisibility
 i - a potion of brilliance
 n - a potion of degeneration {unknown}
 x - a potion of curing
 z - a potion of stabbing
Comestibles
 f - 7 rations
 r - a chunk of flesh


   Skills:
 + Level 5.4 Fighting
 + Level 2.6(3.6) Short Blades
 + Level 4.1(4.5) Long Blades
 + Level 0.2 Throwing
 + Level 4.4 Armour
 * Level 4.0 Dodging
 + Level 2.0 Stealth
   Level 3.6 Shields
 * Level 0.3 Evocations


You had 6 spell levels left.
You didn't know any spells.
Your spell library was empty.

Dungeon Overview and Level Annotations

Branches:
Dungeon (5/15)
 Temple: D:4-7

Altars:
Ashenzari
Dithmenos
Elyvilon
Okawaru

Annotations:
D:5 Prince Ribbit


Innate Abilities, Weirdness & Mutations

You reflexively headbutt those who attack you in melee.
You have a pair of horns on your head.


Message History

You hit Prince Ribbit. Your headbutt misses Prince Ribbit.
Prince Ribbit is lightly wounded.
Prince Ribbit hits you!
You hit Prince Ribbit.
Prince Ribbit is lightly wounded.
Prince Ribbit hits you!
Prince Ribbit blinks!
Prince Ribbit barely misses you. You furiously retaliate!
You headbutt Prince Ribbit.
You riposte.
You hit Prince Ribbit. Your headbutt misses Prince Ribbit.
Prince Ribbit is moderately wounded.
Prince Ribbit hits you. Prince Ribbit hits you!
* * * LOW HITPOINT WARNING * * *
You fade into invisibility!
Prince Ribbit closely misses you.
You are very lightly contaminated with residual magic.
Prince Ribbit hits you!
* * * LOW HITPOINT WARNING * * *
There is a stone staircase leading up here.
Prince Ribbit hits you!
You die...

.........#........
#......###
#........############
#.....#......##........#
......##.......#........#
.....# #................#
..... #................#
.... ##.....#F.........#
.... ........÷.@†.......#
###....###.........#
#....# #..######## #....
#### #.... ####


You could see Prince Ribbit.

Vanquished Creatures
  Menkaure (D:4)
  An ogre (D:4)
  A scorpion (D:5)
  A jelly (D:5)
  Natasha (thrice) (D:3)
  2 worker ants (D:4)
  2 adders
  An ooze (D:3)
  A worm (D:2)
  5 dart slugs
  3 leopard geckos
  8 orcs
  2 giant cockroaches
  8 goblins
  8 hobgoblins
  10 jackals
  8 bats
  3 frilled lizards
  3 kobolds
  5 rats
76 creatures vanquished.

Vanquished Creatures (others)
  An adder (D:3)
  A quokka (D:3)
2 creatures vanquished.

Grand Total: 78 creatures vanquished

Notes
Turn   | Place    | Note
-------+----------+-------------------------------------------
     0 | D:1      | hawla the Minotaur Fighter began the quest for the Orb.
     0 | D:1      | Reached XP level 1. HP: 19/19 MP: 0/0
   334 | D:1      | Reached XP level 2. HP: 26/27 MP: 1/1
   416 | D:1      | Reached skill level 4 in Fighting
   437 | D:1      | Reached skill level 1 in Dodging
   622 | D:1      | Reached XP level 3. HP: 32/33 MP: 2/2
  1450 | D:2      | Found a shattered altar of Ashenzari.
  1685 | D:3      | Noticed Natasha
  1836 | D:3      | Killed Natasha
  1836 | D:3      | Reached XP level 4. HP: 19/41 MP: 3/3
  1907 | D:3      | Noticed Natasha
  1911 | D:3      | Killed Natasha
  2091 | D:3      | Reached skill level 1 in Short Blades
  2369 | D:3      | You fall into a shaft and drop 1 floor!
  2396 | D:4      | Reached XP level 5. HP: 47/47 MP: 4/4
  2685 | D:3      | Noticed Natasha
  2691 | D:3      | Killed Natasha
  2727 | D:3      | Found a white marble altar of Elyvilon.
  2921 | D:4      | Noticed an ogre
  2937 | D:4      | Killed an ogre
  2937 | D:4      | Reached skill level 5 in Fighting
  2937 | D:4      | Reached skill level 1 in Stealth
  2937 | D:4      | Reached XP level 6. HP: 34/56 MP: 5/5
  3343 | D:4      | Found a shadowy altar of Dithmenos.
  3359 | D:4      | Noticed Menkaure
  3371 | D:4      | Killed Menkaure
  3654 | D:4      | Found an iron altar of Okawaru.
  3952 | D:5      | Entered Level 5 of the Dungeon
  4008 | D:5      | Reached XP level 7. HP: 42/61 MP: 6/6
  4111 | D:5      | Noticed Prince Ribbit
  4131 | D:5      | Slain by Prince Ribbit

Illustrated notes

Levels and vault maps discovered:
D:1:      ncdulo_smallfort, layout_basic, chequers_jeans
D:2:      layout_loops_ring, ashenzari_altar_1, grunt_ministairs_7
D:3:      layout_basic, kennysheep_nondescript, elyvilon_altar_4, uniq_natasha
D:4:      layout_loops_ring, overflow_temple_1_default, grunt_dithmenos_smoke,
          uniq_menkaure
D:5:      layout_rooms, marbit_many_paths, first_ration, uniq_pikel,
          uniq_prince_ribbit1, uniq_ijyb

Skill      XL: |  1  2  3  4  5  6 |
---------------+-------------------+-----
Fighting       | 4 5 |  5.4
Dodging        | 1 2 3 4 |  4.0
Armour         | 4 |  4.4
Long Blades    | 3 4 |  4.1
Short Blades   | 1 2 |  2.6
Stealth        | 1 2 |  2.0
Throwing       | |  0.2
Shields        | |  3.6
Evocations     | |  0.3

Action                   |  1- 3 |  4- 6 |  7- 9 || total
-------------------------+-------+-------+-------++-------
Melee: Long sword        |    24 |    16 |     3 ||    43
       Dagger            |    41 |    75 |       ||   116
       Headbutt          |    11 |    18 |       ||    29
Throw: Boomerang         |       |     4 |       ||     4
  Use: Scroll            |     3 |    10 |       ||    13
       Potion            |       |     1 |     1 ||     2
 Stab: Sleeping          |       |     1 |       ||     1
  Eat: Chunk             |     3 |     7 |       ||    10
Armor: Skin              |       |     4 |       ||     4
       Robe              |       |    12 |       ||    12
Dodge: Dodged            |    34 |    50 |     2 ||    86
       Rpst.: Long sword |     4 |     2 |     1 ||     7
